 Dungeon Crawl Stone Soup version 0.23.1-41-g7e51ed3 (console) character file.

Game seed: 7848237021975326029

4259 jt the Carver (level 10, -1/58 HPs)
             Began as an Octopode Fighter on Mar 29, 2019.
             Was a Priest of Hepliaklqana.
             Slain by a killer bee (3 damage)
             ... on level 8 of the Dungeon.
             The game lasted 00:25:54 (9495 turns).

jt the Carver (Octopode Fighter)                    Turns: 9495, Time: 00:25:54

Health: -1/58      AC:  2    Str: 23    XL:     10   Next: 31%
Magic:  10/10      EV: 18    Int: 11    God:    Hepliaklqana [***...]
Gold:   408        SH: 12    Dex: 17    Spells: 9/9 levels left

rFire    . . .     SeeInvis .   a - +1 long sword
rCold    . . .     Gourm    +   b - +0 shield
rNeg     . . .     Faith    .   G - +1 hat
rPois    .         Spirit   .   E - amulet of the gourmand
rElec    .         Reflect  .   (no ring)
rCorr    .         Harm     .   (no ring)
MR       .....                  (no ring)
Stlth    ++++......             (no ring)
HPRegen  0.19/turn              (no ring)
MPRegen  0.12/turn              (no ring)
                                (no ring)
                                (no ring)

@: mighty, agile, lethally poisoned (-1 -> -15)
A: almost no armour, stealthy swim, amphibious, 8 rings, constrict 8, reduced
essence, camouflage 1, gelatinous body 1
a: Recall Ancestor, Ancestor Identity, Transference, Renounce Religion


You were on level 8 of the Dungeon.
You worshipped Hepliaklqana.
Hepliaklqana was most pleased with you.
You were very full.

You visited 2 branches of the dungeon, and saw 10 of its levels.

You collected 408 gold pieces.

Inventory:

Hand Weapons
 a - a +1 long sword (weapon)
 e - a +1 whip of flaming
 i - a +1 great sword
 j - a +4 spear
 m - a +2 spear of venom
 u - a +0 hunting sling
 x - a +0 spear of piercing
 y - a +2 halberd of protection
 I - a +2 falchion of holy wrath
 L - a +2 quarterstaff of chaos
 M - the +1 mace of Distraction {crush, Stlth+}
   (You found it on level 6 of the Dungeon)

   It inflicts extra damage upon your enemies.
   It makes you more stealthy.
Missiles
 g - 97 bolts
 h - 391 stones
 n - 53 sling bullets
 q - 26 poisoned needles
 D - 9 tomahawks (quivered)
 F - a throwing net
Armour
 b - a +0 shield (worn)
 k - a +1 hat
 G - a +1 hat (worn)
Magical Staves
 z - an uncursed staff of death
 N - an uncursed staff of air {unknown}
Jewellery
 E - an amulet of the gourmand (around mantle)
Wands
 l - a wand of enslavement (6)
 r - a wand of polymorph (19)
 w - a wand of random effects (39)
 B - a wand of flame (13)
 H - a wand of iceblast (10)
Scrolls
 f - 7 scrolls of identify
 o - 3 scrolls of teleportation
 t - 2 scrolls of amnesia
 C - 4 scrolls of enchant weapon
 J - a scroll of fear
 K - a scroll of fog
Potions
 c - a potion of might
 v - 2 potions of flight
 A - a potion of lignification
Comestibles
 d - 17 rations


   Skills:
 + Level 4.7 Fighting
 * Level 11.6 Long Blades
 - Level 3.0 Dodging
 + Level 8.8 Shields


You had 9 spell levels left.
You didn't know any spells.
Your spell library contained the following spells:

 Spells                   Type           Power        Failure   Level  Hunger
 Corona                   Hex            #......      61%         1    ##.....
 Magic Dart               Conj           #...         61%         1    ##.....
 Blink                    Tloc           N/A          75%         2    ###....
 Call Imp                 Summ           #.......     75%         2    ###....
 Ensorcelled Hibernation  Hex/Ice        #.....       75%         2    ###....
 Slow                     Hex            #.......     75%         2    ###....
 Confuse                  Hex            #.......     93%         3    ####...
 Conjure Flame            Conj/Fire      #.......     93%         3    ####...
 Dazzling Spray           Conj/Hex       #.....       93%         3    ####...
 Mephitic Cloud           Conj/Pois/Air  #.......     93%         3    ####...
 Tukima's Dance           Hex            #.......     93%         3    ####...


Dungeon Overview and Level Annotations

Branches:
Dungeon (9/15)             Temple (1/1) D:4
   Lair: D:8-11         Orc: D:9-12

Altars:
Ashenzari
Dithmenos
Elyvilon
Fedhas
Gozag
Hepliaklqana
Kikubaaqudgha
Makhleb
Nemelex Xobeh
Okawaru
Qazlal
Ru
Sif Muna
Trog
Vehumet
Wu Jian
Xom
Yredelemnul
Zin
The Shining One

Shops:
D:7 :

Annotations:
D:8 exclusion: two-headed ogre


Innate Abilities, Weirdness & Mutations

You cannot wear most types of armour.
You are very stealthy in the water. (Stealth+)
You are amphibious.
You can wear up to eight rings at the same time.
You can use your tentacles to constrict eight enemies at once.
Your skin changes colour to match your surroundings (Stealth+).
Your rubbery body absorbs attacks. (AC +1, EV +1)
Your life essence is reduced to manifest your ancestor. (-10% HP)


Message History

You're too confused!
Okay, then.
You feel very mighty all of a sudden.
You feel sick. The killer bee misses you. The killer bee stings you.
* * * LOW HITPOINT WARNING * * *
Nindada hits the killer bee with a +0 dagger of draining.
Nindada drains the killer bee.
The killer bee stings you!
* * * LOW HITPOINT WARNING * * *
You are more poisoned.
The killer bee poisons you! The killer bee misses you.
You completely miss the killer bee.
The killer bee is almost dead.
* * * LOW HITPOINT WARNING * * *
You feel sick. The killer bee closely misses you. The killer bee misses you.
Nindada hits the killer bee with a +0 dagger of draining.
The killer bee dies!
You feel less confused.
* * * LOW HITPOINT WARNING * * *
You feel sick. The killer bee misses you. The killer bee stings you.
You die...

### #.### ########
#...# #......#
#.#R#####
######.####.#
#.#.....#
.......># #.#
##'#####.# ######
######..# #.#
#y@.# #.# #.....
######..# #.#
#>R.# #.#####.####
........# #.#
#)[.# #...........
#######.# #.#
##'## #######.####
#......# #.# #.#
#....#..#.#
##.########.#
#<#####.##.#....##
.)..........#
#.##.......#.....#
.))##########
#.##.##.#.........
...#
#.##.##.#.........


You could see the friendly Nindada the hexer and a killer bee.

Vanquished Creatures
  Sigmund (D:5)
  A hippogriff (D:7)
  Edmund (D:6)
  2 water moccasins (D:8)
  A sky beast (D:7)
  4 slaves (D:7)
  A black bear (D:7)
  3 ogres
  A phantom (D:4)
  3 centaurs
  A scorpion (D:7)
  2 howler monkeys
  3 wights (D:4)
  2 jellies
  2 crimson imps
  A centaur zombie (D:7)
  A hound (D:7)
  A bullfrog zombie (D:8)
  3 orc priests
  An orc wizard (D:6)
  Crazy Yiuf (D:6)
  2 bullfrog skeletons
  Jessica (D:3)
  Ijyb (D:3)
  Terence (D:3)
  2 iguanas
  4 worker ants
  A worker ant zombie (D:5)
  2 hound skeletons
  7 gnolls
  7 adders
  A shadow imp (D:8)
  An ooze (D:1)
  An adder skeleton (D:4)
  A worm (D:2)
  3 dart slugs
  2 leopard geckos
  13 orcs
  3 giant cockroaches
  2 goblins (D:2)
  6 hobgoblins
  6 jackals
  8 kobolds
  4 quokkas
  A ball python (D:4)
  5 bats
  4 frilled lizards
  A quokka skeleton (D:7)
  4 rats
130 creatures vanquished.

Vanquished Creatures (collateral kills)
  Pikel (D:7)
  The ghost of Killmatronix the Cutter, a novice KoWn of Okawaru (D:5)
  A water moccasin (D:6)
  A phantom (D:7)
  An ogre (D:5)
  A centaur (D:8)
  A big kobold (D:8)
  A bullfrog (D:7)
  3 scorpions (D:5)
  A killer bee (D:8)
  A centaur zombie (D:8)
  A crimson imp (D:6)
  A jelly (D:8)
  An orc priest (D:7)
  A hound (D:4)
  2 orc wizards
  A worker ant (D:4)
  An adder skeleton (D:5)
  A dart slug (D:3)
  A leopard gecko (D:4)
  3 orcs (D:6)
  A giant cockroach (D:4)
  A jackal (D:4)
  A bat (D:3)
29 creatures vanquished.

Vanquished Creatures (others)
  2 hexers
  3 ancestors
5 creatures vanquished.

Grand Total: 164 creatures vanquished

Notes
Turn   | Place    | Note
-------+----------+-------------------------------------------
     0 | D:1      | jt the Octopode Fighter began the quest for the Orb.
     0 | D:1      | Reached XP level 1. HP: 16/16 MP: 1/1
   240 | D:1      | Reached XP level 2. HP: 18/21 MP: 2/2
   744 | D:2      | Reached skill level 3 in Long Blades
   860 | D:2      | Found a hazy altar of Hepliaklqana.
   867 | D:2      | Became a worshipper of Hepliaklqana the Forgotten
   880 | D:2      | Reached XP level 3. HP: 23/23 MP: 3/3
  1075 | D:2      | Found a deep blue altar of Sif Muna.
  1278 | D:2      | Found a radiant altar of Vehumet.
  1383 | D:2      | Reached XP level 4. HP: 26/27 MP: 4/4
  1508 | D:3      | Noticed Ijyb
  1529 | D:3      | Killed Ijyb
  1608 | D:3      | Found an ornate altar of the Wu Jian Council.
  1643 | D:3      | Reached skill level 4 in Long Blades
  1709 | D:3      | Found a sacrificial altar of Ru.
  1821 | D:3      | Reached XP level 5. HP: 18/32 MP: 5/5
  1967 | D:3      | Noticed Jessica
  1969 | D:3      | Reached * piety under Hepliaklqana
  1973 | D:3      | Killed Jessica
  2281 | D:3      | Noticed Terence
  2712 | D:3      | Killed Terence
  2738 | D:5      | Entered Level 5 of the Dungeon
  2814 | D:4      | Reached skill level 5 in Long Blades
  3022 | D:4      | Noticed a phantom
  3106 | D:4      | Killed a phantom
  3106 | D:4      | Reached XP level 6. HP: 5/37 MP: 6/6
  3592 | D:4      | Reached skill level 6 in Long Blades
  3592 | D:4      | Reached skill level 5 in Shields
  3592 | D:4      | Reached XP level 7. HP: 26/41 MP: 7/7
  4164 | D:4      | Found a staircase to the Ecumenical Temple.
  4176 | Temple   | Entered the Ecumenical Temple
  4614 | D:5      | Reached skill level 7 in Long Blades
  4616 | D:5      | Reached ** piety under Hepliaklqana
  4616 | D:5      | Found a burning altar of Makhleb.
  4617 | D:5      | Remembered your ancestor Nindada as a hexer
  4755 | D:5      | Found a white marble altar of Elyvilon.
  4787 | D:5      | Reached XP level 8. HP: 30/46 MP: 8/8
  5053 | D:5      | Found a basalt altar of Yredelemnul.
  5059 | D:5      | Found a glowing golden altar of the Shining One.
  5061 | D:5      | Noticed an angel
  5071 | D:5      | Found a runed translucent gate.
  5071 | D:5      | Found a runed translucent gate.
  5074 | D:5      | Found a runed translucent gate.
  5074 | D:5      | Noticed Killmatronix's ghost (novice KoWn)
  5095 | D:5      | Killed Killmatronix's ghost
  5095 | D:5      | Reached skill level 8 in Long Blades
  5527 | D:5      | Noticed Sigmund
  5539 | D:5      | Killed Sigmund
  5539 | D:5      | Reached skill level 9 in Long Blades
  5875 | D:6      | Found an opulent altar of Gozag.
  5948 | D:6      | Reached XP level 9. HP: 38/50 MP: 9/9
  6252 | D:6      | Found a stormy altar of Qazlal.
  6278 | D:6      | Noticed Edmund
  6290 | D:6      | Killed Edmund
  6674 | D:6      | Found a runed translucent door.
  6675 | D:6      | Noticed Crazy Yiuf
  6754 | D:6      | Killed Crazy Yiuf
  6754 | D:6      | Reached skill level 10 in Long Blades
  6805 | D:6      | Got a fine mace
  6806 | D:6      | Identified the cursed +1 mace of Distraction {crush,
                  | Stlth+} (You found it on level 6 of the Dungeon)
  6852 | D:7      | Found Bipet's Book Emporium.
  7338 | D:7      | Noticed Pikel
  7389 | D:7      | Killed Pikel
  7389 | D:7      | Reached skill level 11 in Long Blades
  7662 | D:7      | Reached XP level 10. HP: 26/56 MP: 10/10
  7832 | D:7      | Reached *** piety under Hepliaklqana
  9273 | D:8      | Noticed a two-headed ogre
  9495 | D:8      | HP: 2/58 [poisoned by a killer bee]
  9495 | D:8      | Slain by a killer bee

Skill      XL: |  1  2  3  4  5  6  7  8  9 10 |
---------------+-------------------------------+-----
Long Blades    | 3 4 5 6 7 9 11 | 11.6
Shields        | 4 5 7 8 |  8.8
Fighting       | 4 |  4.7
Dodging        | |  3.0

Action                   |  1- 3 |  4- 6 |  7- 9 | 10-12 || total
-------------------------+-------+-------+-------+-------++-------
Melee: Long sword        |    47 |    72 |   188 |    67 ||   374
       Constrict         |    11 |    21 |    47 |    14 ||    93
       Tentacles         |     7 |    19 |    55 |    19 ||   100
Throw: Tomahawk          |       |     5 |    26 |       ||    31
       Stone             |       |     3 |     7 |       ||    10
Invok: Recall Ancestor   |       |     1 |     1 |       ||     2
       Ancestor Life: He |       |       |     1 |       ||     1
Evoke: Wand              |       |     5 |       |       ||     5
  Use: Potion            |     2 |     1 |     7 |     2 ||    12
       Scroll            |       |     7 |     4 |       ||    11
 Stab: Sleeping          |     3 |     2 |     5 |     5 ||    15
       Distracted        |       |       |     1 |     2 ||     3
       Confused          |       |       |       |     3 ||     3
  Eat: Chunk             |     1 |     6 |    16 |     5 ||    28
       Ration            |       |     1 |     1 |       ||     2
Armor: Skin              |     2 |     8 |     8 |     5 ||    23
Dodge: Dodged            |    20 |    32 |    53 |    37 ||   142
Block: Shield            |    25 |    29 |    76 |    34 ||   164
       Rpst.: Long sword |     4 |    10 |    20 |     8 ||    42
